 Dungeon Crawl Stone Soup version 0.28-a0-1493-g08698888e4 (webtiles) character file.

Game seed: 13651046299035119931

46 bladeefan the Skirmisher (level 3, -2/30 HPs)
             Began as a Demonspawn Chaos Knight on Jan 13, 2022.
             Was a Plaything of Xom.
             Slain by Sigmund (6 damage)
             ... on level 2 of the Dungeon.
             The game lasted 00:02:25 (1129 turns).

bladeefan the Skirmisher (Demonspawn Chaos Knight)  Turns: 1129, Time: 00:02:26

Health: -2/30      AC:  5    Str: 14    XL:     3   Next: 46%
Magic:  3/3        EV: 11    Int: 13    God:    Xom [..*...]
Gold:   48         SH:  0    Dex: 12    Spells: 2/2 levels left

rFire   . . .      SeeInvis .   e - +0 war axe
rCold   . . .      Faith    .   (no shield)
rNeg    . . .      Spirit   .   b - +2 leather armour
rPois   .          Reflect  .   (no helmet)
rElec   .          Harm     .   (no cloak)
rCorr   .          Rampage  .   (no gloves)
Will    .....                   (no boots)
Stlth   +.........              (no amulet)
HPRegen 0.10/turn               (no ring)
MPRegen 0.08/turn               (no ring)

@: confused
A: demonic magic 1, weakness stinger 1
a: Renounce Religion


You were on level 2 of the Dungeon.
You worshipped Xom.
You were a toy of Xom.
You visited 1 branch of the dungeon, and saw 2 of its levels.

You collected 48 gold pieces.

Inventory:

Hand Weapons
 e - a +0 war axe (weapon)
   (You found it on level 1 of the Dungeon)
Missiles
 k - 2 throwing nets (quivered) {!f}
Armour
 b - a +2 leather armour (worn)
Scrolls
 c - a scroll of blinking {unknown}
 f - 2 scrolls of fear {unknown}
Potions
 a - a potion of lignification {unknown}
 d - a potion of haste {unknown}
 g - 2 potions of cancellation {unknown}
 h - 2 potions of attraction {unknown}
 i - a potion of degeneration {unknown}
 j - a potion of curing {unknown}


   Skills:
 * Level 3.6 Fighting
 + Level 0.4(1.8) Axes
 - Level 2.9 Maces & Flails
 + Level 2.2 Armour
 + Level 1.4 Dodging


You had 2 spell levels left.
You didn't know any spells.
Your spell library was empty.

Dungeon Overview and Level Annotations

Branches:
Dungeon (2/15)

Altars:

Annotations:
D:2 Sigmund


Innate Abilities, Weirdness & Mutations

Spells you cast may paralyse adjacent enemies.
You have a small tail.


Message History

You now have 48 gold pieces (gained 13).
Found a stone staircase leading down.
There is a stone staircase leading down here.
Key pressed, stopping explore.
Found a stone staircase leading down.
There is a stone staircase leading down here.
Sigmund the Dreaded comes into view.
He is wielding a +0 scythe.
Sigmund shouts!
You hear a shout!
Sigmund says, "Now you see me, now you don't..."
Sigmund casts a spell at you. You resist with significant effort.
You slash Sigmund! Sigmund hits you with a +0 scythe.
You hit Sigmund.
Sigmund points at you and mumbles some strange words.
You are confused.
Sigmund closely misses you.
You bump into the rock wall.
You closely miss Sigmund.
Sigmund points at you and mumbles some strange words.
You resist with significant effort. Sigmund closely misses you.
You barely miss Sigmund. You hit Sigmund.
You feel less confused. Sigmund closely misses you.
You hit Sigmund but do no damage. Sigmund closely misses you.
You barely miss Sigmund.
Sigmund gestures wildly while chanting.
Sigmund flickers and vanishes!
Deactivating autopickup; reactivate with Ctrl-A.
Something hits you but does no damage.
You hit something.
Your tail-slap misses something.
Something hits you.
You barely miss something. You barely miss something.
Your tail-slap misses something.
You hear some strange, mumbled words.
You are confused.
Something hits you but does no damage.
You're too confused to move!
You barely miss something. Something hits you.
You bump into the rock wall.
Something hits you!
* * * LOW HITPOINT WARNING * * *
You bump into the rock wall.
Something hits you.
* * * LOW HITPOINT WARNING * * *
You miss something. Something hits you.
You die... "This toy is broken."

#.# #.^#.#######.#...... ..
#..#.#.....#.####### #.
#..#.#.###.#........
#.##........#.#..######
###..#.##.#.#.#.#......#
#.........#.#.#.#..###.#
......#...##.#...#.##.###†#
..... ##..########.#......#
...@ #.>{@.......########
... ############# .. .


There were no monsters in sight!

Vanquished Creatures
  A worm (D:2)
  2 dart slugs
  3 bats (D:1)
  4 endoplasms (D:1)
  2 giant cockroaches (D:1)
  2 hobgoblins (D:1)
  4 jackals (D:1)
  6 ball pythons
  3 frilled lizards (D:1)
  A goblin (D:1)
  3 kobolds (D:1)
  5 rats (D:1)
36 creatures vanquished.

Vanquished Creatures (collateral kills)
  A goblin (D:1)
  A hobgoblin (D:1)
2 creatures vanquished.

Grand Total: 38 creatures vanquished

Notes
Turn   | Place    | Note
-------+----------+-------------------------------------------
     0 | D:1      | bladeefan the Demonspawn Chaos Knight began the quest for
                  | the Orb.
     0 | D:1      | Reached XP level 1. HP: 18/18 MP: 1/1
    34 | D:1      | XOM: silly message
    37 | D:1      | XOM: potion effect (invisibility)
    45 | D:1      | Reached skill level 1 in Dodging
    52 | D:1      | Gained mutation: You have a small tail. [demonic ancestry]
    52 | D:1      | Reached XP level 2. HP: 7/24 MP: 2/2
   219 | D:1      | XOM: silly message
   356 | D:1      | XOM: cast spell 'Call Canine Familiar'
   686 | D:1      | Gained mutation: Spells you cast may paralyse adjacent
                  | enemies. [demonic ancestry]
   686 | D:1      | Reached XP level 3. HP: 29/29 MP: 3/3
   778 | D:1      | XOM: silly message
  1103 | D:2      | Noticed Sigmund
  1129 | D:2      | Slain by Sigmund

Illustrated notes

Levels and vault maps discovered:
D:1:      dpeg_arrival_round_c, layout_basic
D:2:      layout_basic, ebering_ecumenical_altar_hall, hangedman_decor_growths,
          kennysheep_path_1, uniq_sigmund

Skill      XL: |  1  2 |
---------------+-------+-----
Dodging        | 1 |  1.4
Armour         | 2 |  2.2
Fighting       | |  3.6
Axes           | |  0.4
Maces & Flails | |  2.9

Action                   || total
-------------------------++-------
Melee: Mace              ||    29
       War axe           ||    63
       Tailslap          ||     7
       Punch             ||     1
 Stab: Invisible         ||     1
       Sleeping          ||     1
Armor: Leather armour    ||    35
Dodge: Dodged            ||    58

Table legend: (Time is in decaauts)
 A = Elapsed time spent in this place.
 B = Non-inter-level travel time spent in this place.
 C = Inter-level travel time spent in this place.
 D = Time resting spent in this place.
 E = Time spent auto-exploring this place.
 F = Levels seen in this place.
 G = Mean time per level.
                   A        B        C        D        E       F      G
               +--------+--------+--------+--------+--------+-----+--------+
         Total |   1161 |   1141 |     20 |    136 |    724 |   2 |  580.5 |
       Dungeon |   1161 |   1141 |     20 |    136 |    724 |   2 |  580.5 |
               +--------+--------+--------+--------+--------+-----+--------+

Top non-repeatable levels by time:
     D:1: 914 daAuts
     D:2: 247 daAuts
